AoeStats
← tavoo

Hideout

507787086Analyzed
1v1 RM · 14d ago on Sep 19, 2026· 27m 16s· 2 players
Game mode
Random Map
Map size
Tiny (2 player)
Population
200
Speed
Normal
Resources
Standard
Victory
Conquest
Starting age
Dark Age
Ending age
Imperial Age
RankedLock teamsTeams togetherTeam positionsShared explorationLock speedFull tech treeHidden civsTurbo modeCheats
Victory
Defeat
🇲🇽 Magyars · Mexico
1473
+16
🇩🇪 Inca · Germany
1483
-16
tavoo
10:47 Feudal Age
12:10 Loom
15:00 Castle Age
13:44 Fletching
14:00 Double-Bit Axe
20:43 Town Watch
21:41 Bodkin Arrow
Donatello
9:33 Feudal Age
13:44 Castle Age
11:53 Horse Collar
12:13 Double-Bit Axe
14:31 Heavy Plow
14:59 Bow Saw
16:36 Loom
21:45 Wheelbarrow
21:54 Gold Mining
25:06 Fletching
25:54 Bodkin Arrow
Connection lost

Rejoining the realm…

Still unreachable

The connection could not be restored.

Session expired

The server has moved on; the page needs a fresh start.